 Seeded DCSS version 0.30-a0-1075-gcd70e7a56d (webtiles) character file.

Game seed: 15754142637805177498 (custom seed)

200 Pimp the Sneak (level 5, -2/24 HPs)
             Began as a Spriggan Earth Elementalist on Apr 14, 2023.
             Slain by Grinder (4 damage)
             ... on level 3 of the Dungeon.
             The game lasted 00:07:13 (2934 turns).

Pimp the Sneak (Spriggan Earth Elementalist)        Turns: 2934, Time: 00:07:14

Health: -2/24      AC:  5    Str:  4    XL:     5   Next: 48%
Magic:  10/11      EV: 19    Int: 19    God:
Gold:   208        SH:  0    Dex: 18    Spells: 10/11 levels left

rFire   + . .      SeeInvis +    l - +3 quick blade (drain)
rCold   x . .      Faith    .    (no shield)
rNeg    . . .      Spirit   .    a - +0 robe
rPois   +          Reflect  .    (helmet restricted)
rElec   .          Rampage  .    f - +2 cloak
rCorr   .                        (gloves unavailable)
Will    .....                    (boots unavailable)
Stlth   +++                      (no amulet)
HPRegen 0.24/turn                j - ring "Miodiyr" {Fire rPois Int+3}
MPRegen 0.12/turn                (no ring)

@: brilliant, very quick
A: very small, no large weapons, unfitting armour, see invisible, speed 3
a: no special abilities


You were on level 3 of the Dungeon.
You visited 1 branch of the dungeon, and saw 4 of its levels.

You collected 208 gold pieces.

Inventory:

Hand Weapons
 g - a +1 dagger
 l - a +3 quick blade of draining (weapon)
Armour
 a - a +0 robe (worn)
 f - a +2 cloak (worn)
Jewellery
 j - the ring "Miodiyr" (left hand) {Fire rPois Int+3}
   (You found it on level 4 of the Dungeon)

   [ring of fire]

   It enhances your fire magic.
   Int:       It affects your intelligence (+3).
   rF:        It protects you from fire.
   rC:        It makes you vulnerable to cold.
   rPois:     It protects you from poison.
Scrolls
 d - a scroll of identify
 n - a scroll of enchant armour
Potions
 b - a potion of magic
 c - a potion of might {unknown}
 e - a potion of flight
 h - a potion of curing {unknown}
 i - a potion of resistance {unknown}
 m - 2 potions of brilliance
 o - a potion of lignification {unknown}


   Skills:
 + Level 4.0 Dodging
 + Level 4.6 Stealth
 + Level 3.8 Spellcasting
 + Level 3.0 Transmutations
 * Level 3.9 Earth Magic


You had 10 spell levels left.
You knew the following spells:

 Your Spells              Type           Power      Damage    Failure   Level
a - Sandblast             Erth           54%        2d13      2%          1

Your spell library contained the following spells:

 Spells                   Type           Power      Damage    Failure   Level
 Beastly Appendage        Tmut           44%        N/A       4%          1
 Passwall                 Tmut/Erth      20%        N/A       4%          2
 Wereblood                Tmut           22%        N/A       6%          2
 Summon Small Mammal      Summ           20%        N/A       14%         1
 Stone Arrow              Conj/Erth      32%        3d9       19%         3
 Spider Form              Tmut/Pois      14%        N/A       22%         3
 Petrify                  Tmut/Erth      25%        N/A       32%         4
 Call Canine Familiar     Summ           5%         N/A       38%         3
 Summon Guardian Golem    Hex/Summ       5%         N/A       38%         3


Dungeon Overview and Level Annotations

Branches:
Dungeon (4/15)
 Temple: D:4-7

Altars:

Annotations:
D:3 Grinder


Innate Abilities, Weirdness & Mutations

You are very small and have problems with some larger weapons.
You are too small for most types of armour.
You have supernaturally acute eyesight. (SInv)
You cover ground extremely quickly. (Speed+++)


Message History

Grinder gestures at you. Pain shoots through your body!
You barely miss Grinder.
Grinder is lightly wounded.
Grinder barely misses you.
You closely miss Grinder.
Grinder is lightly wounded.
Grinder hits you.
You writhe in agony.
You hit Grinder.
Grinder is lightly wounded.
Unknown command.
It was a potion of brilliance.
You feel clever all of a sudden. Grinder gestures at you.
You resist with significant effort.
You hit Grinder.
Grinder is lightly wounded.
Grinder completely misses you. Grinder gestures at you.
You suddenly lose the ability to move!
Grinder gestures at you. You resist with significant effort.
Grinder gestures at you. You resist with some effort. Grinder gestures at you.
You resist with some effort. Grinder hits you.
You writhe in agony.
* * * LOW HITPOINT WARNING * * *
You can move again.
Casting: Sandblast (safe; 2% risk of failure)
Confirm with . or Enter, or press ? or * to list all spells.
Aiming: Sandblast (safe; 2% risk of failure)
Press: ? - help, Shift-Dir - straight line, f - Grinder
Aim: Grinder (lightly wounded, 81% to hit)
You feel a surge of power!
The blast of sand hits Grinder!
Grinder is heavily wounded.
Grinder hits you.
* * * LOW HITPOINT WARNING * * *
You writhe in agony.
You die...

#.####.# ### #.# #
#####.#####.####.#
#..............#.#
#...##<###.#.##.#.###
. #.# #..........#
#.# #........#.# ..#
#..###.### ### #.@#
#..# # #.5# ##.# .#
#..####.##.#
............#
######.......#
##..##.##.#
####...##.##.###
+................
####....####.##..


You could see Grinder.

Vanquished Creatures
  Blork the orc (D:4)
  An orc wizard (D:4)
  3 gnolls (D:3)
  2 adders
  2 worms (D:2)
  A dart slug (D:2)
  2 orcs
  4 bats
  6 endoplasms
  4 giant cockroaches
  4 goblins
  5 hobgoblins
  4 quokkas
  5 ball pythons
  3 frilled lizards
  4 kobolds
  3 rats
54 creatures vanquished.

Notes
Turn   | Place    | Note
-------+----------+-------------------------------------------
     0 | D:1      | Pimp the Spriggan Earth Elementalist began the quest for
                  | the Orb.
     0 | D:1      | Reached XP level 1. HP: 9/9 MP: 5/5
   207 | D:1      | Reached XP level 2. HP: 13/13 MP: 0/6
   781 | D:2      | Reached XP level 3. HP: 16/16 MP: 5/8
  1410 | D:2      | You fall into a shaft and drop 2 floors!
  1416 | D:4      | Identified the ring "Miodiyr" {Fire rPois Int+3}
  1549 | D:4      | Reached XP level 4. HP: 21/21 MP: 7/10
  1597 | D:4      | Noticed Blork the orc
  2097 | D:4      | Killed Blork the orc
  2098 | D:4      | Reached XP level 5. HP: 22/24 MP: 7/11
  2573 | D:3      | Found a faded altar of an unknown god.
  2643 | D:3      | Identified the +1 helmet "Hudih" {+Blink Str+3 Int-4}
  2892 | D:3      | Identified a scroll of acquirement
  2892 | D:3      | Acquired a +1 quick blade of draining
  2895 | D:3      | Noticed Grinder
  2928 | D:3      | Paralysed by Grinder for 5 turns
  2934 | D:3      | Slain by Grinder

Illustrated notes

Levels and vault maps discovered:
D:1:      tarquinn_simple_flora_water_f, layout_rooms, minmay_distorted
D:2:      layout_basic, st_stairs_5
D:3:      layout_loops_corners, kennysheep_okawaru_gauntlet,
          mainiacjoe_overflow_catwalk, ebering_ecumenical_altar_box,
          uniq_sigmund, uniq_grinder
D:4:      layout_basic, uniq_blork_the_orc

Skill      XL: |  1  2  3  4  5 |
---------------+----------------+-----
Dodging        | 3 4 |  4.0
Spellcasting   | 3 |  3.8
Transmutations | 2 3 |  3.0
Earth Magic    | 3 |  3.9
Stealth        | 4 |  4.6

Action                     |  1- 3 |  4- 6 || total
---------------------------+-------+-------++-------
  Melee: Dagger            |    23 |    11 ||    34
         Unarmed           |     2 |       ||     2
         Quick blade       |       |     5 ||     5
   Cast: Sandblast         |    55 |    25 ||    80
    Use: Scroll            |     4 |     8 ||    12
         Potion            |       |     1 ||     1
   Stab: Sleeping          |     3 |     2 ||     5
 Armour: Robe              |     9 |     1 ||    10
  Dodge: Dodged            |    34 |    16 ||    50

Table legend: (Time is in decaauts)
 A = Elapsed time spent in this place.
 B = Non-inter-level travel time spent in this place.
 C = Inter-level travel time spent in this place.
 D = Time resting spent in this place.
 E = Time spent auto-exploring this place.
 F = Levels seen in this place.
 G = Mean time per level.
                   A        B        C        D        E       F      G
               +--------+--------+--------+--------+--------+-----+--------+
         Total |   2161 |   2080 |     81 |    470 |   1102 |   4 |  540.2 |
       Dungeon |   2161 |   2080 |     81 |    470 |   1102 |   4 |  540.2 |
               +--------+--------+--------+--------+--------+-----+--------+

Top non-repeatable levels by time:
     D:2: 682 daAuts
     D:1: 599 daAuts
     D:4: 494 daAuts
     D:3: 384 daAuts
